 Dungeon Crawl Stone Soup version 0.18-a0-211-gcfb53b4 (webtiles) character file.

3259 Duffy the Grappler (level 10, -15/77 HPs)
             Began as a Formicid Transmuter on Nov 25, 2015.
             Killed from afar by Erica (21 damage)
             ... with a wand of fire
             ... on level 8 of the Dungeon.
             The game lasted 00:14:34 (9417 turns).

Duffy the Grappler (Formicid Transmuter)            Turns: 9417, Time: 00:14:34

Health: -15/77     AC:  7    Str: 15    XL:     10   Next: 19%
Magic:  14/14      EV: 12    Int: 13    God:
Gold:   451        SH:  0    Dex: 14    Spells: 4 memorised, 4 levels left

rFire  . . .     SeeInvis +       - Unarmed
rCold  . . .     Clarity  .     b - +0 robe
rNeg   . . .     SustAt   .     (no shield)
rPois  +         Gourm    .     (helmet unavailable)
rElec  .         Spirit   .     x - +0 cloak
rCorr  .         Warding  .     G - +2 pair of gloves
rMut   .         Stasis   +     F - +0 pair of boots
MR     +....                    A - amulet of regeneration
Stlth  +.........               K - +3 ring of slaying
                                t - ring of poison resistance

@: somewhat resistant to hostile enchantments, very unstealthy
A: permanent stasis, dig shafts and tunnels, four strong arms, antennae 3
a: Dig, Shaft Self


You were on level 8 of the Dungeon.
You were hungry.

You visited 2 branches of the dungeon, and saw 9 of its levels.

You collected 451 gold pieces.


Innate Abilities, Weirdness & Mutations

You are under a permanent stasis effect.
You can dig through walls and to a lower floor.
Your four strong arms can wield two-handed weapons with a shield.
You have a pair of large antennae on your head (SInv).


   Skills:
 - Level 6.8 Fighting
 - Level 1.8 Dodging
 + Level 9.9 Unarmed Combat
 + Level 2.8 Spellcasting
 - Level 6.0 Transmutations
 - Level 4.0 Ice Magic
 - Level 4.0 Poison Magic


You had 4 spell levels left.
You knew the following spells:

 Your Spells              Type           Power        Failure   Level  Hunger
a - Spider Form           Trmt/Pois      ##........   12%         3    ###....
l - Ice Form              Ice/Trmt       ##......     34%         4    #####..
s - Sticks to Snakes      Trmt           ###.......   3%          2    ###....
B - Beastly Appendage     Trmt           ###...       1%          1    #......

Inventory:

Hand Weapons
 a - a +0 blowgun
Missiles
 g - 11 tomahawks (quivered)
 B - 106 arrows
 E - 48 poisoned needles
Armour
 b - a +0 robe (worn)
 k - a +0 shield
 x - a +0 cloak (worn)
 D - a +0 buckler
 F - a +0 pair of boots (worn)
 G - a +2 pair of gloves (worn)
 L - a fire dragon hide
Rods
 M - a -3 rod of clouds (11/11)
Jewellery
 t - a ring of poison resistance (left hand)
 y - an uncursed amulet of resist mutation
 A - an amulet of regeneration (around neck)
 K - a +3 ring of slaying (right hand)
Wands
 H - a wand of draining (4)
Scrolls
 e - 2 scrolls of enchant weapon {unknown}
 h - 5 scrolls of remove curse
 m - 4 scrolls of teleportation {unknown}
 s - a scroll of fear {unknown}
 v - a scroll of amnesia {unknown}
 z - 2 scrolls of noise {unknown}
 C - 2 scrolls of enchant armour {unknown}
 J - a scroll of fog {unknown}
 O - a scroll of magic mapping {unknown}
 R - 2 scrolls of recharging {unknown}
Potions
 i - 2 potions of curing
 j - a potion of magic
 p - 3 potions of might
 r - a potion of haste
 u - 2 potions of resistance
 w - a potion of mutation {unknown}
 I - 2 potions of poison {unknown}
 N - a potion of heal wounds {unknown}
 P - a potion of agility {unknown}
 Q - a potion of flight {unknown}
 S - a potion of lignification {unknown}
Books
 c - a book of Changes
Comestibles
 d - 2 bread rations
 f - 2 slices of pizza
 l - 11 fruits
 o - 6 beef jerkies
 q - 5 meat rations

Dungeon Overview and Level Annotations

Branches:
Dungeon (8/15)             Temple (1/1) D:6
   Lair: D:8-11

Altars:
Ashenzari
Dithmenos
Elyvilon
Fedhas
Gozag
Kikubaaqudgha
Nemelex Xobeh
Qazlal
Ru
Sif Muna
Vehumet
Xom
Yredelemnul
Zin
The Shining One

Annotations:
D:8 Erica


Message History

Erica zaps a wand.
The bolt of fire hits you!
A worker ant comes into view.
The worker ant twitches its antennae in your direction.
Erica mumbles some strange words.
Erica flickers and vanishes for a moment.
You hit Erica.
Erica is lightly wounded.
Erica closely misses you.
You closely miss Erica.
A yak comes into view.
The yak bellows!
You hit Erica.
Erica is lightly wounded.
Erica gestures at you while chanting. The bolt of poison hits you! You resist.
You are too injured to fight recklessly!
You are too injured to fight recklessly!
You are too injured to fight recklessly!
You are too injured to fight recklessly!
Erica points at you and mumbles some strange words.
The orb of energy hits you!
The orb of energy explodes!
You hear a bellow! x2
An adder skeleton comes into view.
Erica screams, "Do you want it fast or slow?!"
Erica zaps a wand.
The bolt of fire hits you!
Erica says, "I love to fight, but killing is better."
Drink which item? (? for menu, Esc to quit)
Okay, then.
Read which item? (? for menu, Esc to quit)
Okay, then.
Are you sure you want to shaft yourself?
You feel somewhat more hungry.
You begin to dig a shaft.
You continue digging a shaft.
Erica zaps a wand.
The bolt of fire hits you!
You die...

..# #.# ..######## #.#
.........# ##.##
..######.# ###...#######
..# #.## #...#........
..######..###.#...###.#..
.........#....##.####.#
..#####.###.#......@..#..#
.## ##.#.##...@#{.((....
.# ##.###..###{#####..
.########.###..###.#
...................#####.#
.####......(......a...{...
.# #.###.####)#####a###Z#
.# # #.# #....>.... { #.#
#####....#.. ...........#
c.. .#


You could see Erica (invisible).

Action                   |  1- 3 |  4- 6 |  7- 9 | 10-12 || total
-------------------------+-------+-------+-------+-------++-------
Melee: Unarmed           |    53 |    89 |   298 |    59 ||   499
       Dagger            |    84 |   152 |    33 |       ||   269
Throw: Tomahawk          |     3 |       |       |       ||     3
 Cast: Spider Form       |       |    14 |    20 |       ||    34
 Abil: Dig               |       |       |     5 |       ||     5
       Shaft Self        |       |       |       |     1 ||     1
  Use: Scroll            |       |       |     8 |       ||     8
 Stab: Sleeping          |     1 |     2 |     4 |       ||     7
       Distracted        |       |       |     2 |       ||     2
  Eat: Chunk             |     2 |    10 |    20 |       ||    32

Notes
Turn   | Place    | Note
--------------------------------------------------------------
     0 | D:1      | Duffy the Formicid Transmuter began the quest for the Orb.
     0 | D:1      | Reached XP level 1. HP: 15/15 MP: 3/3
   292 | D:1      | Reached XP level 2. HP: 21/21 MP: 5/5
   581 | D:1      | Reached XP level 3. HP: 26/26 MP: 6/6
  1279 | D:1      | Learned a level 3 spell: Spider Form
  1420 | D:1      | Reached skill level 3 in Transmutations
  1678 | D:2      | Reached XP level 4. HP: 23/32 MP: 7/7
  1795 | D:2      | Reached skill level 1 in Poison Magic
  2052 | D:2      | Reached skill level 4 in Unarmed Combat
  2251 | D:2      | Learned a level 2 spell: Sticks to Snakes
  2253 | D:2      | Noticed Robin
  2276 | D:2      | Killed Robin
  2276 | D:2      | Reached skill level 2 in Poison Magic
  2289 | D:2      | Reached XP level 5. HP: 20/37 MP: 3/8
  2631 | D:2      | Noticed Crazy Yiuf
  2653 | D:2      | Killed Crazy Yiuf
  2836 | D:2      | Reached skill level 3 in Poison Magic
  2912 | D:2      | Reached XP level 6. HP: 27/43 MP: 6/9
  2920 | D:2      | Reached skill level 4 in Poison Magic
  3184 | D:3      | Learned a level 4 spell: Ice Form
  3235 | D:3      | Noticed Terence
  3237 | D:3      | Killed Terence
  3237 | D:3      | Reached skill level 5 in Unarmed Combat
  3957 | D:3      | Noticed Sigmund
  3981 | D:3      | Killed Sigmund
  3981 | D:3      | Reached skill level 6 in Unarmed Combat
  3981 | D:3      | Reached skill level 4 in Transmutations
  3981 | D:3      | Reached XP level 7. HP: 18/48 MP: 6/10
  4413 | D:3      | Noticed Grinder
  4427 | D:3      | Killed Grinder
  4427 | D:3      | Reached skill level 5 in Transmutations
  4722 | D:4      | Reached XP level 8. HP: 38/54 MP: 7/11
  5029 | D:4      | Reached skill level 7 in Unarmed Combat
  5029 | D:4      | Reached skill level 6 in Transmutations
  5524 | D:4      | Reached skill level 2 in Fighting
  5870 | D:5      | Entered Level 5 of the Dungeon
  6151 | D:5      | Reached skill level 3 in Fighting
  6460 | D:5      | Found a deep blue altar of Sif Muna.
  6807 | D:5      | Reached skill level 4 in Fighting
  6807 | D:5      | Reached skill level 8 in Unarmed Combat
  6807 | D:5      | Reached XP level 9. HP: 47/65 MP: 12/12
  7268 | D:6      | Reached skill level 5 in Fighting
  7567 | D:6      | Found a staircase to the Ecumenical Temple.
  7573 | Temple   | Entered the Ecumenical Temple
  8403 | D:7      | Reached skill level 6 in Fighting
  8403 | D:7      | Reached skill level 9 in Unarmed Combat
  8607 | D:7      | Reached skill level 1 in Ice Magic
  9045 | D:8      | Reached skill level 2 in Ice Magic
  9223 | D:8      | Reached skill level 3 in Ice Magic
  9223 | D:8      | Reached XP level 10. HP: 72/77 MP: 9/13
  9350 | D:8      | Reached skill level 4 in Ice Magic
  9402 | D:8      | Noticed Erica
  9417 | D:8      | Killed from afar by Erica

Vault maps used:
D:1:      dpeg_arrival_central
D:2:      forest_paths, first_bread, st_stairs_8, uniq_crazy_yiuf_cottage,
          uniq_robin
D:3:      supply_closet_lemuel, uniq_terence, uniq_grinder, uniq_sigmund
D:5:      kennysheep_mini_moat
D:6:      minmay_temple_entry_hall
D:8:      gammafunk_temple_overflow_claw, serial_shops, nicolae_shop_stone,
          special_room, hangedman_ranch, grunt_ministairs_9, uniq_erica
Temple:   minmay_temple_curvy_14

Vanquished Creatures
  Grinder Sigmund
  A hungry ghost
  An orc warrior
  A sky beast
  3 ogres
  A black bear
  2 phantoms
  3 centaurs
  8 big kobolds
  2 giant frogs
  3 wights
  2 crimson imps
  A giant frog zombie
  4 hounds Crazy Yiuf
  3 iguanas
  A jelly
  A centaur skeleton
  2 giant frog skeletons Terence
  A gnoll shaman
  An orc wizard
  5 worker ants
  A hound skeleton Robin
  11 gnolls
  10 adders
  A shadow imp
  2 oozes
  An adder skeleton
  5 worms
  5 giant geckos
  12 orcs
  2 ball pythons
  9 giant cockroaches
  12 hobgoblins
  16 jackals
  5 quokkas
  13 bats
  2 giant gecko skeletons
  A giant gecko zombie
  7 giant newts
  13 goblins
  22 kobolds
  A quokka zombie
  11 rats
  A fungus
214 creatures vanquished.
